 Dungeon Crawl Stone Soup version 0.27.1-4-g1640c2035a (webtiles) character file.

Game seed: 15487708056486255811

47 adizb the Chopper (level 3, 0/34 HPs)
             Began as a Naga Fighter on Nov 16, 2021.
             Slain by an orc priest (6 damage)
             ... on level 2 of the Dungeon.
             The game lasted 00:06:33 (835 turns).

adizb the Chopper (Naga Fighter)                     Turns: 835, Time: 00:06:36

Health: 0/34       AC:  4    Str: 19    XL:     3   Next: 70%
Magic:  12/12      EV:  5    Int:  8    God:
Gold:   18         SH:  8    Dex: 10    Spells: 2/2 levels left

rFire    . . .     SeeInvis +   a - +0 war axe
rCold    . . .     Faith    .   c - +0 kite shield
rNeg     . . .     Spirit   .   b - +0 scale mail
rPois    +         Reflect  .   (no helmet)
rElec    .         Harm     .   (no cloak)
rCorr    .         Rampage  .   (no gloves)
Will     .....                  (no barding)
Stlth    ..........             h - amulet of regeneration
HPRegen  1.11/turn              k - ring of magical power
MPRegen  0.13/turn              (no ring)

@: very slow
A: AC +1, large, see invisible, deformed body, poison resistance, slowness 2,
spit poison 1, naga tail 1
a: Spit Poison


You were on level 2 of the Dungeon.
You visited 1 branch of the dungeon, and saw 2 of its levels.

You collected 18 gold pieces.

Inventory:

Hand Weapons
 a - a +0 war axe (weapon)
 l - a +2 whip of venom
Armour
 b - a +0 scale mail (worn)
 c - a +0 kite shield (worn)
Jewellery
 h - an amulet of regeneration (around neck)
 k - a ring of magical power (left hand)
Scrolls
 f - 2 scrolls of identify {unknown}
 g - a scroll of enchant weapon {unknown}
 i - a scroll of immolation {unknown}
 m - a scroll of teleportation {unknown}
Potions
 d - a potion of might
 e - 2 potions of heal wounds {unknown}
 j - 2 potions of flight {unknown}


   Skills:
 - Level 3.0 Fighting
 + Level 3.9 Axes
 - Level 2.4 Armour
 - Level 2.4 Shields


You had 2 spell levels left.
You didn't know any spells.
Your spell library was empty.

Dungeon Overview and Level Annotations

Branches:
Dungeon (2/15)

Altars:


Innate Abilities, Weirdness & Mutations

Your serpentine skin is tough. (AC +1)
You have supernaturally acute eyesight. (SInv)
Armour fits poorly on your strangely shaped body.
Your system is resistant to poisons. (rPois)
You cover ground very slowly.
You can spit poison.
You have a snake-like lower body.


Message History

You see here a +0 mace.
You slash the orc priest!
The orc priest is heavily wounded.
The orc priest hits you with a +0 club.
The orc priest calls down the wrath of Beogh upon you.
Pain shoots through your body! The orc hits you but does no damage.
Abil: Spit Poison
Press: ? - help, Q - select action Shift-Dir - straight line, f - orc priest
Aim: an orc priest, wielding a +0 club (heavily wounded)
The splash of poison misses the orc priest.
You block the orc's attack. The orc priest hits you with a +0 club.
Your scale mail prevents you from hitting the orc priest.
The orc priest is heavily wounded.
You barely miss the orc. You block the orc priest's attack.
The orc barely misses you.
Your shield and scale mail prevent you from hitting the orc priest.
The orc priest is heavily wounded.
You hit the orc but do no damage. You slash the orc!
You kill the orc!
The orc hits you with a +0 short sword. You block the orc priest's attack.
The orc hits you with a +0 short sword.
The orc priest calls down the wrath of Beogh upon you.
Beogh smites you!
* * * LOW HITPOINT WARNING * * *
You can't do that yet.
You closely miss the orc priest.
The orc priest is heavily wounded.
You barely miss the orc.
You have got your breath back.
You block the orc's attack.
The orc priest casts a cantrip, but nothing happens.
You block the orc's attack.
You hit the orc priest.
The orc priest is severely wounded.
You closely miss the orc.
The orc priest hits you but does no damage.
The orc hits you with a +0 short sword.
* * * LOW HITPOINT WARNING * * *
The orc priest hits you with a +0 club.
You die...

.... ##########...
..............
#.............#
#.............#
#.............#
#........o)o..#
#.........@...#
#.............#
#........$....#
#....(........#
#.............#
#####.#####.###
##)#.....#.#
#######..≈.....≈#$#
#......#≈.≈...≈≈.#.#


You could see an orc priest and an orc.

Vanquished Creatures
  An adder (D:2)
  A worm (D:2)
  2 orcs (D:2)
  4 endoplasms
  3 giant cockroaches (D:1)
  A hobgoblin (D:1)
  A quokka (D:1)
  2 ball pythons
  2 bats (D:1)
  2 frilled lizards (D:1)
  8 goblins
  A kobold (D:1)
  2 rats
30 creatures vanquished.

Notes
Turn   | Place    | Note
-------+----------+-------------------------------------------
     0 | D:1      | adizb the Naga Fighter began the quest for the Orb.
     0 | D:1      | Reached XP level 1. HP: 21/21 MP: 1/1
   168 | D:1      | Reached XP level 2. HP: 28/28 MP: 2/2
   689 | D:1      | Reached XP level 3. HP: 34/34 MP: 3/3
   776 | D:2      | Found a faded altar of an unknown god.
   835 | D:2      | Slain by an orc priest

Illustrated notes

Levels and vault maps discovered:
D:1:      ebering_hopf_link, layout_basic, minmay_tromino_v4_c
D:2:      layout_basic, shapermc_ecumenical_altar_starsandcircs

Skill      XL: |  1  2 |
---------------+-------+-----
Axes           | 3 |  3.9
Fighting       | |  3.0
Armour         | |  2.4
Shields        | |  2.4

Action                   || total
-------------------------++-------
Melee: War axe           ||    61
 Abil: Spit Poison       ||    23
Armor: Scale mail        ||    31
Dodge: Dodged            ||    12
Block: Kite shield       ||    33
